 Dungeon Crawl Stone Soup version 0.22.1-1-ga44c0e5 (webtiles) character file.

310 magicm the Slasher (level 6, -2/47 HPs)
             Began as a Human Fighter on Nov 10, 2018.
             Slain by a killer bee (4 damage)
             ... on level 4 of the Dungeon.
             The game lasted 00:12:43 (2366 turns).

magicm the Slasher (Human Fighter)                  Turns: 2366, Time: 00:12:44

Health: -2/47      AC:  7    Str: 17    XL:     6   Next: 70%
Magic:  6/6        EV:  8    Int: 10    God:
Gold:   151        SH:  9    Dex: 12    Spells: 5/5 levels left

rFire    . . .     SeeInvis .   a - +1 long sword
rCold    . . .     Gourm    .   c - +0 shield
rNeg     . . .     Faith    .   b - +0 scale mail
rPois    .         Spirit   .   (no helmet)
rElec    .         Reflect  .   (no cloak)
rCorr    .         Harm     .   (no gloves)
MR       +....                  (no boots)
Stlth    ..........             j - amulet of regeneration
HPRegen  0.55/turn              m - ring of protection from magic
MPRegen  0.10/turn              (no ring)

@: lethally poisoned (-2 -> -11)
A: no striking features
a: no special abilities


You were on level 4 of the Dungeon.
You were not hungry.

You visited 1 branch of the dungeon, and saw 4 of its levels.
You also visited: Sewer.

You collected 151 gold pieces.

Inventory:

Hand Weapons
 a - a +1 long sword (weapon)
Armour
 b - a +0 scale mail (worn)
 c - a +0 shield (worn)
Jewellery
 j - an amulet of regeneration (around neck)
 m - a ring of protection from magic (left hand)
Scrolls
 l - 2 scrolls of remove curse
 q - a scroll of teleportation
Potions
 d - 2 potions of might
 g - 2 potions of mutation {unknown}
 h - 3 potions of agility
 i - a potion of haste {unknown}
 k - 2 potions of magic {unknown}
 n - a potion of curing {unknown}
 p - a potion of resistance {unknown}
Comestibles
 f - 3 rations


   Skills:
 + Level 3.6 Fighting
 + Level 4.4 Long Blades
 + Level 3.8 Armour
 + Level 1.5 Dodging
 + Level 4.1 Shields


You had 5 spell levels left.
You didn't know any spells.
Your spell library was empty.

Dungeon Overview and Level Annotations

Branches:
Dungeon (4/15)
 Temple: D:4-7

Altars:
Gozag
Okawaru


Message History

You block the killer bee's attack.
A hound comes into view.
An adder comes into view.
The ogre hits you with a giant club! The killer bee stings you!
The hound barks!
The killer bee stings you.
You are poisoned.
The killer bee poisons you! The killer bee stings you.
You feel sick. The killer bee stings you.
You are more poisoned.
The killer bee poisons you! The killer bee stings you.
* * * LOW HITPOINT WARNING * * *
You block the ogre's attack.
There is a stone staircase leading up here.
You feel sick. The killer bee barely misses you. The killer bee stings you.
* * * LOW HITPOINT WARNING * * *
You are lethally poisoned!
The killer bee poisons you! The killer bee stings you.
* * * LOW HITPOINT WARNING * * *
The killer bee stings you.
You die...

..h ....S
.. .(.. ..
... #h ..#
#. ..# #
#.#..##..(
.
#.y......#
....###yy#
#...y@O#
######...#
l.....#
#......
.####. .#
.#


You could see an ogre, an iguana, a hound and 4 killer bees.

Vanquished Creatures
  Purgy (Sewer)
  Jessica (D:3)
  Natasha (twice) (D:3)
  A gnoll (D:2)
  2 adders (D:3)
  A river rat (D:3)
  An ooze (D:3)
  A worm (D:3)
  4 dart slugs
  4 orcs
  A ball python (D:2)
  7 bats
  5 giant cockroaches
  11 goblins
  9 hobgoblins
  3 jackals (D:2)
  12 kobolds
  A quokka (D:4)
  6 frilled lizards
  10 rats
83 creatures vanquished.

Notes
Turn   | Place    | Note
-------+----------+-------------------------------------------
     0 | D:1      | magicm the Human Fighter began the quest for the Orb.
     0 | D:1      | Reached XP level 1. HP: 18/18 MP: 1/1
   100 | D:1      | Reached XP level 2. HP: 15/24 MP: 2/2
   258 | D:1      | Reached XP level 3. HP: 25/29 MP: 3/3
   882 | D:2      | Reached XP level 4. HP: 33/35 MP: 4/4
   902 | D:2      | Found an iron altar of Okawaru.
  1499 | D:3      | Found an opulent altar of Gozag.
  1722 | D:3      | Reached XP level 5. HP: 30/41 MP: 5/5
  1782 | D:3      | Found a glowing drain.
  1787 | Sewer    | Entered a sewer
  1894 | Sewer    | Noticed Purgy
  1917 | Sewer    | Killed Purgy
  1917 | Sewer    | Reached skill level 1 in Dodging
  1917 | Sewer    | Reached XP level 6. HP: 5/47 MP: 6/6
  2054 | D:3      | Noticed Jessica
  2065 | D:3      | Killed Jessica
  2157 | D:3      | Noticed Natasha
  2169 | D:3      | Killed Natasha
  2228 | D:3      | Noticed Natasha
  2240 | D:3      | Killed Natasha
  2360 | D:4      | Noticed an ogre
  2366 | D:4      | HP: 2/47 [killer bee (6)]
  2366 | D:4      | Slain by a killer bee

Skill      XL: |  1  2  3  4  5 |
---------------+----------------+-----
Long Blades    | 3 4 |  4.4
Dodging        | 1 |  1.5
Shields        | 4 |  4.1
Fighting       | |  3.6
Armour         | |  3.8

Action                   |  1- 3 |  4- 6 || total
-------------------------+-------+-------++-------
Melee: Long sword        |   110 |   175 ||   285
  Use: Scroll            |     7 |     4 ||    11
       Potion            |       |     2 ||     2
  Eat: Ration            |       |     2 ||     2
Armor: Scale mail        |    66 |    77 ||   143
       Skin              |       |     2 ||     2
Dodge: Dodged            |    43 |    52 ||    95
Block: Shield            |    66 |    83 ||   149
       Rpst.: Long sword |    15 |    13 ||    28
